 Dungeon Crawl Stone Soup version 0.31-a0-214-gb37851dbb3 (webtiles) character file.

Game seed: 6365975802846570564

116 qw the Shooter (level 4, -7/37 HPs)
             Began as a Minotaur Hexslinger on July 1, 2023.
             Killed by divine providence
             ... invoked by an orc priest
              (14 damage)
             ... on level 3 of the Dungeon.
             The game lasted 00:00:54 (2276 turns).

qw the Shooter (Minotaur Hexslinger)                Turns: 2276, Time: 00:00:55

Health: -7/37      AC:  2    Str: 12    XL:     4   Next: 69%
Magic:  4/4        EV: 12    Int: 10    God:
Gold:   58         SH:  0    Dex: 15    Spells: 4/5 levels left

rFire   . . .        Y - +1 sling
rCold   . . .        (no shield)
rNeg    . . .        c - +0 robe
rPois   .            (helmet restricted)
rElec   .            (no cloak)
rCorr   .            (no gloves)
SInv    .            (no boots)
Will    .....        (no amulet)
Stlth   +            (no ring)
HPRegen 0.26/turn    (no ring)
MPRegen 0.09/turn

%: no passive effects
@: no status effects
A: horns 2, retaliatory headbutt
a: no special abilities


You were on level 3 of the Dungeon.
You visited 1 branch of the dungeon, and saw 3 of its levels.

You collected 110 gold pieces.
You spent 52 gold pieces at shops.


Innate Abilities, Weirdness & Mutations

You have a pair of horns on your head.
You reflexively headbutt those who attack you in melee.


   Skills:
 + Level 2.7 Fighting
 - Level 5.0 Ranged Weapons
 - Level 2.1 Dodging
 - Level 1.0 Spellcasting
 - Level 2.0 Hexes


You had 4 spell levels left.
You knew the following spells:

 Your Spells              Type           Power      Damage    Failure   Level
a - Slow                  Hex            16%        N/A       16%         1

Your spell library contained the following spells:

 Spells                   Type           Power      Damage    Failure   Level
 Inner Flame              Hex/Fire       2%         N/A       56%         3
 Portal Projectile        Hex/Tloc       4%         N/A       56%         3
 Cause Fear               Hex            2%         N/A       83%         4

Inventory:

Hand Weapons
 Y - a +1 sling (weapon)
Armour
 b - a +0 leather armour
 c - a +0 robe (worn)
 g - a +0 ring mail
Scrolls
 a - a scroll of identify
 f - a scroll of revelation {unknown}
 i - a scroll of acquirement {unknown}
 j - a scroll of teleportation {unknown}
Potions
 d - a potion of mutation {unknown}
 e - a potion of attraction {unknown}
 h - a potion of curing {unknown}

Dungeon Overview and Level Annotations

Branches:
Dungeon (3/15)

Altars:

Shops:
D:3 [(:


Message History

You kill the orc!
The orc closely misses you. The orc hits you but does no damage.
The orc priest calls down the wrath of Beogh upon you.
Pain shoots through your body!
You shoot a sling bullet. The sling bullet barely misses the orc.
The orc barely misses you. You furiously retaliate!
You headbutt the orc!
You kill the orc!
The orc barely misses you.
The orc priest calls down the wrath of Beogh upon you.
You barely resist. The orc misses you.
You shoot a sling bullet. The sling bullet hits the orc priest.
The orc priest is moderately wounded.
The orc barely misses you. The orc priest barely misses you.
You shoot a sling bullet. The sling bullet hits the orc priest.
The orc priest is heavily wounded.
The orc closely misses you. The orc priest barely misses you.
You shoot a sling bullet. The sling bullet hits the orc priest.
The orc priest is heavily wounded.
The orc hits you with a +0 club.
The orc priest hits you with a +0 short sword.
You shoot a sling bullet. The sling bullet hits the orc priest.
The orc priest is severely wounded.
The orc misses you. You furiously retaliate!
You headbutt the orc, but do no damage. The orc priest closely misses you.
You shoot a sling bullet. The sling bullet hits the orc priest.
The orc priest is severely wounded.
The orc closely misses you.
The orc priest hits you but does no damage.
You shoot a sling bullet. The sling bullet hits the orc priest.
The orc priest is almost dead.
The orc hits you with a +0 club.
The orc priest hits you but does no damage.
The orc priest hits you with a +0 short sword.
The orc hits you with a +0 club.
You shoot a sling bullet.
The sling bullet closely misses the orc priest.
The orc barely misses you.
The orc priest calls down the wrath of Beogh upon you.
Beogh smites you!
You die...

..........#
..........#
..........#
..........
.........#
.........#
..%...)oo#
##@# #..#
#.## #.#
#####.# .
#.....# .
###.#####
.# #...# .#
#.###


You could see an orc priest and an orc.

Vanquished Creatures
  4 adders
  2 worms
  4 dart slugs
  3 orcs (D:3)
  5 endoplasms
  3 giant cockroaches
  7 goblins
  7 hobgoblins
  3 jackals (D:3)
  6 quokkas
  6 ball pythons
  A bat (D:1)
  2 frilled lizards
  2 kobolds
  4 rats
59 creatures vanquished.

Notes
Turn   | Place    | Note
-------+----------+-------------------------------------------
     0 | D:1      | qw the Minotaur Hexslinger began the quest for the Orb.
     0 | D:1      | Reached XP level 1. HP: 16/16 MP: 1/1
     0 | D:1      | 0 ||| qw: Version: 0.3-a-32-g5962c71
     0 | D:1      | 0 ||| qw: Game counter: 7400
     0 | D:1      | 0 ||| qw: Melee chars always use a shield: true
     0 | D:1      | 0 ||| qw: God list: Okawaru
     0 | D:1      | 0 ||| qw: Allow faded altars: false
     0 | D:1      | 0 ||| qw: Do Orc after clearing Dungeon:15 true
     0 | D:1      | 0 ||| qw: Do second Lair branch before Depths: true
     0 | D:1      | 0 ||| qw: Lair rune preference: random
     0 | D:1      | 0 ||| qw: Goals: Normal
     0 | D:1      | 0 ||| PLANNING D:1-11
   124 | D:1      | Reached skill level 3 in Ranged Weapons
   173 | D:1      | Reached XP level 2. HP: 23/23 MP: 2/2
   469 | D:1      | Reached XP level 3. HP: 29/29 MP: 3/3
   800 | D:1      | 800 ||| READING scroll labelled ZEULOCOLIA.
   853 | D:1      | 853 ||| READING scroll labelled MOVECZ FIXTEIR.
   854 | D:1      | 854 ||| DROPPING scroll of poison.
   941 | D:2      | Reached skill level 4 in Ranged Weapons
  1273 | D:2      | Found a faded altar of an unknown god.
  1437 | D:2      | Reached XP level 4. HP: 36/36 MP: 4/4
  1793 | D:2      | 1793 ||| READING scroll labelled AFFETS IMAEK.
  1794 | D:2      | 1794 ||| READING 2 scrolls of identify.
  1794 | D:2      | 1794 ||| IDENTIFYING pink potion
  1795 | D:2      | 1795 ||| DROPPING potion of brilliance.
  1853 | D:3      | 1853 ||| FLEEEEING.
  1854 | D:3      | 1854 ||| FLEEEEING.
  1855 | D:3      | 1855 ||| FLEEEEING.
  1856 | D:3      | 1856 ||| FLEEEEING.
  1867 | D:3      | HP: 7/36 [worm (11)]
  2092 | D:3      | Found Yhoh's Armour Shoppe.
  2105 | D:3      | 2105 ||| BUYING +0 ring mail (52 gold).
  2105 | D:3      | Bought a +0 ring mail for 52 gold pieces
  2116 | D:3      | Reached skill level 5 in Ranged Weapons
  2196 | D:3      | Found Nobyn's Antique Weapon Emporium.
  2198 | D:3      | Found Nonib's Book Shoppe.
  2275 | D:3      | HP: 7/37 [orc priest/+0 short sword (4)]
  2276 | D:3      | Killed from afar by an orc priest

Levels and vault maps discovered:
D:1:      co_arrival_random_square_maze, layout_loops_ring
D:2:      layout_loops_corners, ebering_ecumenical_altar_abandoned
D:3:      layout_basic, serial_shops, shop, shop, nicolae_lakefront_shop,
          nicolae_shop_stone, shop

Skill      XL: |  1  2  3  4 |
---------------+-------------+-----
Ranged Weapons | 3 4 5 |  5.0
Fighting       | 2 |  2.7
Dodging        | |  2.1
Spellcasting   | |  1.0
Hexes          | |  2.0

Action                     |  1- 3 |  4- 6 || total
---------------------------+-------+-------++-------
   Fire: Sling             |   124 |    93 ||   217
    Use: Scroll            |     2 |     2 ||     4
 Armour: Robe              |     8 |     9 ||    17
  Dodge: Dodged            |    24 |    35 ||    59

Table legend:
 A = Non-vault XP
 B = Vault XP
 C = Vault XP percentage of total XP
 D = Non-vault monster count
 E = Vault monster count
 F = Vault count percentage of total count
                 A         B        C        D         E       F
            +---------+---------+-------+---------+---------+-------
      Total |     166 |       0 |   0.0 |      59 |       0 |   0.0
            +---------+---------+-------+---------+---------+-------
        D:1 |      51 |       0 |   0.0 |      28 |       0 |   0.0
        D:2 |      52 |       0 |   0.0 |      14 |       0 |   0.0
        D:3 |      63 |       0 |   0.0 |      17 |       0 |   0.0
            +---------+---------+-------+---------+---------+-------
